 Dungeon Crawl Stone Soup version 0.18-a0-1628-g61c6396 (webtiles) character file.

163 Chiseanne the Skirmisher (level 5, 0/43 HPs)
             Began as a Demonspawn Monk on Mar 25, 2016.
             Was a Priest of Makhleb.
             Slain by Grinder (2 damage)
             ... on level 4 of the Dungeon.
             The game lasted 00:10:26 (2751 turns).

Chiseanne the Skirmisher (Demonspawn Monk)          Turns: 2751, Time: 00:10:26

Health: 0/43       AC: 10    Str: 12    XL:     5   Next: 20%
Magic:  5/5        EV:  6    Int: 12    God:    Makhleb [***...]
Gold:   240        SH:  0    Dex: 15    Spells: 0 memorised, 4 levels left

rFire  . . .     SeeInvis .     a - +1 hand axe
rCold  . . .     Gourm    .     m - +1 chain mail
rNeg   . . .     Faith    .     (no shield)
rPois  .         Spirit   .     (helmet restricted)
rElec  .         Dismiss  .     (no cloak)
rCorr  .         Reflect  .     (no gloves)
SustAt .         Harm     .     n - +0 pair of boots
MR     .....                    (no amulet)
Stlth  ..........               (no ring)
                                (no ring)

@: not resistant to hostile enchantments, extremely unstealthy
A: antennae 2, spiny 2
a: Minor Destruction, Lesser Servant of Makhleb, Renounce Religion


You were on level 4 of the Dungeon.
You worshipped Makhleb.
Makhleb was most pleased with you.
You were not hungry.

You visited 1 branch of the dungeon, and saw 4 of its levels.

You collected 240 gold pieces.

Inventory:

Hand Weapons
 a - a +1 hand axe (weapon)
Missiles
 c - 2 needles of confusion
 f - 7 poisoned needles
 h - 16 exploding sling bullets
 j - 22 bolts
 t - 15 bolts of frost
Armour
 m - a +1 chain mail (worn)
 n - a +0 pair of boots (worn)
Wands
 p - a wand of slowing (12/48)
Scrolls
 e - 2 scrolls of enchant armour
 r - a scroll of blinking
 u - a scroll of immolation
Potions
 d - a potion of brilliance
 g - 2 potions of might {unknown}
 l - a potion of heal wounds {unknown}
 o - 2 potions of berserk rage {unknown}
 q - a potion of curing {unknown}
 v - a potion of ambrosia {unknown}
Comestibles
 b - 4 bread rations
 i - 3 fruits


   Skills:
 * Level 4.5 Fighting
 + Level 1.3 Axes
 * Level 2.0 Armour
 - Level 3.2 Dodging
 - Level 1.7 Stealth
 - Level 3.6 Unarmed Combat


You had 4 spell levels left.
You didn't know any spells.

Dungeon Overview and Level Annotations

Branches:
Dungeon (4/15)
 Temple: D:4-7

Altars:
Makhleb
Nemelex Xobeh

Annotations:
D:4 Grinder


Innate Abilities, Weirdness & Mutations

You have a pair of antennae on your head.
You are mostly covered in sharp spines.


Message History

All of the chunks of flesh in your inventory have rotted away.
You hit Grinder.
Grinder is heavily wounded.
Grinder gestures at you.
You barely resist. Grinder gestures at you. You resist with significant effort.
You closely miss Grinder.
Grinder is heavily wounded.
Grinder hits you.
You writhe in agony.
You hit Grinder. You punch Grinder, but do no damage.
Grinder is heavily wounded.
Grinder is struck by your spines. Grinder hits you!
You writhe in agony.
* * * LOW HITPOINT WARNING * * *
You hit Grinder.
Grinder is severely wounded.
Grinder is struck by your spines. Grinder hits you!
* * * LOW HITPOINT WARNING * * *
You writhe in agony.
You die...

..# #.# #.# #.#
#.##### ..####.....#
#.......<...#
...#######..#########
#....@5......
#...#########
.........# #######..#
#..# #..# #..# #..#
#$.#


You could see Grinder.

Vanquished Creatures
  A gnoll (D:2)
  6 adders
  2 oozes
  4 worms (D:2)
  A dart slug (D:3)
  A giant gecko (D:3)
  2 orcs (D:3)
  4 giant cockroaches
  12 goblins
  9 hobgoblins
  3 jackals (D:1)
  7 kobolds
  A ball python (D:3)
  7 bats
  3 giant newts
  11 rats
74 creatures vanquished.

Notes
Turn   | Place    | Note
--------------------------------------------------------------
     0 | D:1      | Chiseanne the Demonspawn Monk began the quest for the Orb.
     0 | D:1      | Reached XP level 1. HP: 18/18 MP: 1/1
   503 | D:1      | Gained mutation: You are partially covered in sharp spines. [demonic ancestry]
   503 | D:1      | Reached XP level 2. HP: 24/24 MP: 2/2
  1071 | D:2      | Gained mutation: You are mostly covered in sharp spines. [demonic ancestry]
  1071 | D:2      | Reached XP level 3. HP: 29/29 MP: 3/3
  1631 | D:2      | Reached skill level 1 in Armour
  1717 | D:2      | Reached skill level 1 in Axes
  1742 | D:2      | Gained mutation: You have a pair of small antennae on your head. [demonic ancestry]
  1742 | D:2      | Reached XP level 4. HP: 37/37 MP: 4/4
  1759 | D:2      | Reached skill level 4 in Fighting
  2027 | D:2      | Found a burning altar of Makhleb.
  2032 | D:2      | Became a worshipper of Makhleb the Destroyer
  2032 | D:2      | Reached * piety under Makhleb
  2032 | D:2      | Reached ** piety under Makhleb
  2514 | D:3      | Gained mutation: You have a pair of antennae on your head. [demonic ancestry]
  2514 | D:3      | Reached XP level 5. HP: 43/43 MP: 5/5
  2580 | D:3      | Found a sparkling altar of Nemelex Xobeh.
  2588 | D:3      | Reached *** piety under Makhleb
  2734 | D:4      | Noticed Grinder
  2751 | D:4      | HP: 2/43 [Grinder (8)]
  2751 | D:4      | Slain by Grinder

Vault maps used:
D:1:      dpeg_arrival_circle_labyrinth_c
D:2:      lightli_temple_of_fire, serial_glass, glass_columns_b,
          glass_columns_a, first_bread, minmay_misc_feat_enclosed,
          minmay_joined_circles
D:3:      nemelex_deck, serial_glass, glass_columns_c, glass_columns_a,
          glass_columns_b, glass_columns_a, glass_columns_b, glass_columns_a,
          glass_columns_c, glass_columns_c, glass_columns_b, glass_columns_a,
          glass_columns_a, glass_columns_a, glass_columns_a, glass_columns_c,
          feat_on_display, due_unseen_surprise, item_on_display_a
D:4:      kennysheep_vampire_church, marbit_many_paths, uniq_grinder,
          uniq_duvessa

Skill      XL: |  1  2  3  4  5 |
---------------+----------------+-----
Dodging        | 3 |  3.2
Armour         | 1 2 |  2.0
Axes           | 1 |  1.3
Fighting       | 4 |  4.5
Stealth        | |  1.7
Unarmed Combat | |  3.6

Action                   |  1- 3 |  4- 6 || total
-------------------------+-------+-------++-------
Melee: Unarmed           |    44 |       ||    44
       Hand axe          |    26 |    49 ||    75
  Use: Scroll            |     5 |     1 ||     6
 Stab: Sleeping          |     1 |       ||     1
  Eat: Chunk             |     3 |     3 ||     6
